 Dungeon Crawl Stone Soup version 0.30.0-15-g856e2d3f33 (webtiles) character file.

Game seed: 16355741662602157868

69516 Gabide the Spellbinder (level 14, -18/100 HPs)
             Began as a Vampire Enchanter on May 19, 2023.
             Was a High Priest of Sif Muna.
             Hit by a large rock thrown by a cyclops (27 damage)
             ... on level 15 of the Dungeon.
             The game lasted 01:09:51 (26543 turns).

Gabide the Spellbinder (Vampire Enchanter)         Turns: 26543, Time: 01:09:51

Health: -18/100    AC: 11    Str: 18    XL:     14   Next: 90%
Magic:  29/30      EV: 35    Int: 27    God:    Sif Muna [*****.]
Gold:   1959       SH:  0    Dex: 26    Spells: 14/37 levels left

rFire   . . .        a - +9 quick blade of Laceration {freeze, Contam Will+ rCorr Str+4}
rCold   . . .        (no shield)
rNeg    . . .        m - +2 leather armour "Tusupp" {rElec}
rPois   .            L - +0 hat of Uvetoefi {rC- Str+7 Dex+6}
rElec   +            l - +0 cloak
rCorr   +            D - +2 pair of gloves {Stlth+}
SInv    +            n - +1 pair of boots
Will    ++...        i - amulet of the acrobat
Stlth   +++++        Z - ring "Atoihup" {Fly rC+ Dex+4}
HPRegen 0.56/turn    y - +6 ring of intelligence
MPRegen 0.22/turn

%: acrobat
@: acrobatic, flying, healing quickly, studying Short Blades
A: alive, fangs 3, see invisible, vampiric 2
a: Exsanguinate, Renounce Religion, Channel Magic, Forget Spell, Divine Exegesis


You were on level 15 of the Dungeon.
You worshipped Sif Muna.
Sif Muna was extremely pleased with you.
You visited 3 branches of the dungeon, and saw 21 of its levels.
You also visited: Ossuary, Gauntlet and Ice Cave.

You collected 1959 gold pieces.

Inventory:

Hand Weapons
 a - the +9 quick blade of Laceration (weapon) {freeze, Contam Will+ rCorr Str+4}
   (You acquired it on level 7 of the Dungeon)

   Str:       It affects your strength (+4).
   Contam:    It causes magical contamination when unequipped.
   rCorr:     It protects you from acid and corrosion.
   Will:      It increases your willpower.
 U - a +0 heavy great sword
Missiles
 h - 2 throwing nets
Armour
 l - a +0 cloak (worn)
 m - the +2 leather armour "Tusupp" (worn) {rElec}
   (You found it on level 7 of the Dungeon)

   rElec:     It insulates you from electricity.
 n - a +1 pair of boots (worn)
 D - a +2 pair of gloves of stealth (worn)
 H - a +0 helmet
 L - the +0 hat of Uvetoefi (worn) {rC- Str+7 Dex+6}
   (You found it in a Gauntlet)

   Str:       It affects your strength (+7).
   Dex:       It affects your dexterity (+6).
   rC:        It makes you vulnerable to cold.
 T - +0 acid dragon scales
Jewellery
 b - a +4 ring of protection
 i - an amulet of the acrobat (around neck)
 y - a +6 ring of intelligence (right hand)
 F - a ring of poison resistance
 K - the amulet of Eternal Night {Faith Str+2}
   (You found it in a Gauntlet)

   [amulet of faith]

   It allows you to gain divine favour quickly.
   Str:       It affects your strength (+2).
 M - a +5 ring of evasion
 O - a ring of resist corrosion
 Q - the ring of Omeni {Fly rF+ Dex+4 SInv Stlth-}
   (You found it on level 5 of the Lair of Beasts)

   [ring of flight]

   Dex:       It affects your dexterity (+4).
   rF:        It protects you from fire.
   SInv:      It lets you see invisible.
   Fly:       It grants you flight.
   Stlth:     It makes you less stealthy.
 X - a ring of willpower
 Z - the ring "Atoihup" (left hand) {Fly rC+ Dex+4}
   (You found it in an ice cave)

   [ring of flight]

   Dex:       It affects your dexterity (+4).
   rC:        It protects you from cold.
   Fly:       It grants you flight.
Wands
 p - a wand of flame (29)
 u - a wand of mindburst (5)
 B - a wand of roots (11)
 J - a wand of digging (3)
 V - a wand of quicksilver (4)
Scrolls
 e - 4 scrolls of teleportation
 f - 9 scrolls of identify
 k - 3 scrolls of fog
 t - 3 scrolls of magic mapping
 v - 3 scrolls of brand weapon
 x - 2 scrolls of immolation
 E - 2 scrolls of blinking
 I - 4 scrolls of enchant weapon
 N - 2 scrolls of summoning
 P - 2 scrolls of vulnerability
 R - 2 scrolls of fear
 S - 4 scrolls of poison
 W - a scroll of silence
 Y - a scroll of amnesia
Potions
 c - 2 potions of invisibility
 d - 6 potions of attraction
 g - 4 potions of lignification
 j - 4 potions of brilliance
 o - 4 potions of mutation
 q - 4 potions of might
 r - 4 potions of flight
 s - 3 potions of ambrosia
 w - 5 potions of haste
 z - a potion of heal wounds
 A - 8 potions of curing
 C - a potion of resistance
 G - 4 potions of berserk rage


   Skills:
 + Level 6.2 Fighting
 - Level 9.0 Short Blades
 - Level 9.0 Dodging
 - Level 6.0 Stealth
 - Level 12.0 Spellcasting
 O Level 27 Hexes


You had 14 spell levels left.
You knew the following spells:

 Your Spells              Type           Power      Damage    Failure   Level
a - Slow                  Hex            100%       N/A       0%          1
b - Confusing Touch       Hex            100%       N/A       0%          3
c - Tukima's Dance        Hex            100%       N/A       0%          3
d - Ensorcelled Hibernat  Hex/Ice        100%       N/A       1%          2
e - Dazzling Flash        Conj/Hex       100%       N/A       1%          3
f - Cause Fear            Hex            52%        N/A       0%          4
g - Enfeeble              Hex            52%        N/A       1%          7

Your spell library contained the following spells:

 Spells                   Type           Power      Damage    Failure   Level
 Portal Projectile        Hex/Tloc       100%       N/A       1%          3
 Anguish                  Hex/Necr       36%        N/A       1%          4
 Leda's Liquefaction      Hex/Erth       36%        N/A       1%          4
 Metabolic Englaciation   Hex/Ice        36%        N/A       1%          5
 Discord                  Hex            52%        N/A       1%          8
 Kiss of Death            Conj/Necr      64%        2d10      4%          1
 Magic Dart               Conj           64%        1d6       4%          1
 Sting                    Tmut/Pois      64%        1d6       4%          1
 Call Imp                 Summ           32%        N/A       6%          2
 Cigotuvi's Dreadful Rot  Necr/Pois/Air  32%        N/A       6%          2
 Poisonous Vapours        Pois/Air       32%        N/A       6%          2
 Static Discharge         Conj/Air       32%        2-4/arc   6%          2
 Call Canine Familiar     Summ           16%        N/A       12%         3
 Frozen Ramparts          Ice            32%        1d5       12%         3
 Ignite Poison            Fire/Tmut/Pois 16%        N/A       12%         3
 Mephitic Cloud           Conj/Pois/Air  16%        N/A       12%         3
 Ozocubu's Armour         Ice            16%        N/A       12%         3
 Spider Form              Tmut/Pois      16%        N/A       12%         3
 Vampiric Draining        Necr           16%        2d7       12%         3
 Volatile Blastmotes      Fire/Tloc      32%        2d12      12%         3
 Airstrike                Air            8%         2d(2-18)  38%         4
 Animate Armour           Summ/Erth      32%        N/A       38%         4
 Dispel Undead            Necr           16%        3d10      38%         4
 Ice Form                 Ice/Tmut       16%        N/A       38%         4
 Iskenderun's Mystic Bla  Conj/Tloc      16%        2d5       38%         4
 Manifold Assault         Tloc           16%        N/A       38%         4
 Olgreb's Toxic Radiance  Pois           16%        N/A       38%         4
 Summon Ice Beast         Ice/Summ       16%        N/A       38%         4
 Summon Lightning Spire   Summ/Air       16%        N/A       38%         4
 Borgnjor's Vile Clutch   Necr/Erth      8%         N/A       75%         5
 Freezing Cloud           Conj/Ice/Air   8%         6-21      75%         5
 Death Channel            Necr           8%         N/A       99%         6
 Dispersal                Tloc           8%         N/A       99%         6
 Simulacrum               Ice/Necr       8%         N/A       99%         6
 Malign Gateway           Summ/Tloc      8%         N/A       100%        7
 Ozocubu's Refrigeration  Ice            8%         4d9       100%        7
 Disjunction              Tloc           8%         N/A       100%        8
 Ignition                 Fire           8%         3d5       100%        8
 Polar Vortex             Ice            8%         N/A       100%        9


Dungeon Overview and Level Annotations

Branches:
Dungeon (15/15)            Temple (1/1) D:6            Lair (5/5) D:8
 Shoals (0/4) Lair:2        Snake (0/4) Lair:2        Slime (0/5) Lair:4
    Orc (0/2) D:11         Vaults (0/5) D:14        Ossuary (visited)
  IceCv (visited)         Gauntlet (visited)
 Depths: D:15

Altars:
Ashenzari
Cheibriados
Dithmenos
Fedhas
Gozag
Hepliaklqana
Kikubaaqudgha
Makhleb
Nemelex Xobeh
Okawaru
Qazlal
Ru
Sif Muna
Trog
Uskayaw
Vehumet
Wu Jian
Xom
Yredelemnul
Jiyva

Shops:
D:4 *

Annotations:
Lair:4 1 runed translucent door


Innate Abilities, Weirdness & Mutations

Your natural rate of healing is accelerated.
You have razor-sharp teeth.
You have supernaturally acute eyesight. (SInv)
You are afflicted with vampirism and can become a bat while bloodless.


Message History

The orc completely misses you. x2
You hit the orc. You freeze the orc.
You kill the orc!
Sif Muna accepts your kill.
The centaur warrior wields a +0 longbow.
The centaur warrior shoots an arrow.
The arrow hits you!!
You hit the orc. You freeze the orc. You bite the orc.
You kill the orc!
Sif Muna accepts your kill.
The cyclops throws a large rock.
The large rock hits you but does no damage.
You hit the orc. You freeze the orc.
The orc is almost dead.
You puncture the orc! You freeze the orc.
You kill the orc!
Sif Muna accepts your kill.
The centaur warrior shoots an arrow.
The arrow hits you!
You hit the cyclops but do no damage.
The centaur warrior shoots an arrow.
The arrow hits you!!
You are too injured to fight recklessly!
You are too injured to fight recklessly!
You are too injured to fight recklessly!
You are too injured to fight recklessly!
You are too injured to fight recklessly!
You are too injured to fight recklessly!
You are too injured to fight recklessly!
You are too injured to fight recklessly!
You are too injured to fight recklessly!
You are too injured to fight recklessly!
You are too injured to fight recklessly!
You are too injured to fight recklessly!
You are too injured to fight recklessly!
You are too injured to fight recklessly!
You are too injured to fight recklessly!
You are too injured to fight recklessly!
You are too injured to fight recklessly!
The centaur warrior shoots an arrow.
The arrow hits you!!
* * * LOW HITPOINT WARNING * * *
The cyclops throws a large rock.
The large rock hits you!!
You die...

## .####
###....
..#.c. #.#..
#.#.###### #
#<#)......
#####.##@).#
......C..)##
.#.....####
######


You could see a centaur warrior and a cyclops.

Vanquished Creatures
  Rupert (D:14)
  Agnes (D:14)
  Kirke (Lair:4)
  Gastronok (D:10)
  A minotaur (Gauntlet)
  A fire dragon (Lair:5)
  An entropy weaver (shapeshifter) (D:14)
  A rakshasa (D:13)
  5 hydras
  An ice dragon (IceCv)
  2 catoblepae
  2 centaur warriors
  Erica (D:9)
  3 boulder beetles
  2 two-headed ogres
  2 sixfirhies (Gauntlet)
  A soul eater (Gauntlet)
  2 skysharks (Lair:4)
  3 skeletal warriors (D:13)
  A swamp dragon (Lair:5)
  Pikel (D:6)
  2 harpies (Lair:2)
  An orc knight (D:15)
  6 ugly things (D:14)
  3 manticores
  An oklob plant (Lair:1)
  6 cyclopes
  3 black mambas
  3 ice statues
  A torpor snail (Lair:5)
  2 gargoyles
  A minotaur zombie (Gauntlet)
  2 unseen horrors
  7 cane toads
  A cane toad (shapeshifter) (D:14)
  8 rime drakes
  8 komodo dragons
  A queen bee (shapeshifter) (D:14)
  7 trolls
  A wind drake (shapeshifter) (D:14)
  12 polar bears
  A raiju (Lair:5)
  A tarantella (shapeshifter) (D:14)
  9 blink frogs
  Grinder (D:3)
  A dream sheep (Lair:5)
  14 slime creatures (D:12)
  Sigmund (D:6)
  20 yaks
  5 wyverns
  A shadow (D:12)
  8 basilisks
  5 wraiths
  A yak (shapeshifter) (D:13)
  10 vampire mosquitoes
  4 steam dragons
  7 wargs
  4 nagas (Lair:2)
  6 acid dragons
  16 hell hounds (Lair:5)
  9 water moccasins
  2 orc warriors
  2 ice beasts
  A swamp drake (Lair:5)
  12 black bears
  A sky beast (D:7)
  4 boggarts (D:14)
  3 centaurs
  23 wolves
  A phantom (D:6)
  A kobold brigand (D:10)
  A lemure (D:6)
  3 elf zombies (Ossuary)
  14 bullfrogs
  A gnoll sergeant (D:11)
  3 scorpions
  9 wights
  10 killer bees
  5 lindwurm simulacra (IceCv)
  A howler monkey (shapeshifter) (D:14)
  3 howler monkeys
  3 electric eels
  5 komodo dragon simulacra (IceCv)
  A centaur zombie (Ossuary)
  3 hounds
  3 human zombies (Ossuary)
  A jelly (D:6)
  A gnoll bouda (D:7)
  Crazy Yiuf (D:2)
  6 orc priests
  9 orc wizards
  A sleepcap (D:8)
  4 iguanas
  Natasha (twice) (D:3)
  7 hell rats (Lair:1)
  A hound zombie (Ossuary)
  3 mummies (Ossuary)
  23 gnolls
  8 adders
  4 acid dragon simulacra (IceCv)
  4 shadow imps (Gauntlet)
  A white imp (D:7)
  7 steam dragon simulacra (IceCv)
  An ufetubus (D:4)
  8 adder zombies (Ossuary)
  6 dart slugs
  30 orcs
  4 endoplasms (D:1)
  3 giant cockroaches
  8 goblins
  9 hobgoblins
  12 jackals
  10 kobolds
  5 quokkas
  7 ball pythons
  5 bats
  3 frilled lizards
  2 goblin zombies (Ossuary)
  2 jackal zombies (Ossuary)
  2 kobold zombies (Ossuary)
  2 orc zombies (Ossuary)
  5 quokka zombies (Ossuary)
  7 rats
  6 rat zombies (Ossuary)
569 creatures vanquished.

Vanquished Creatures (collateral kills)
  A cane toad (Lair:1)
  A wight (D:6)
  A gnoll (D:6)
3 creatures vanquished.

Vanquished Creatures (others)
  2 dancing weapons (D:6)
  A human (Lair:4)
3 creatures vanquished.

Grand Total: 575 creatures vanquished

Notes
Turn   | Place    | Note
-------+----------+-------------------------------------------
     0 | D:1      | Gabide the Vampire Enchanter began the quest for the Orb.
     0 | D:1      | Reached XP level 1. HP: 13/13 MP: 3/3
   249 | D:1      | Reached XP level 2. HP: 16/20 MP: 5/5
   333 | D:1      | Reached skill level 5 in Hexes
   396 | D:1      | Gained mutation: You are afflicted with vampirism and can
                  | become a bat while bloodless. [Vampire growth]
   396 | D:1      | Reached XP level 3. HP: 25/25 MP: 6/6
   469 | D:1      | Learned a level 1 spell: Slow
   777 | D:2      | Reached skill level 1 in Fighting
  1304 | D:2      | Reached XP level 4. HP: 32/32 MP: 5/7
  1436 | D:2      | Found a runed translucent door.
  1437 | D:2      | Noticed Crazy Yiuf
  1493 | D:2      | Found an iron altar of Okawaru.
  1710 | D:2      | Killed Crazy Yiuf
  1711 | D:2      | Reached skill level 6 in Hexes
  1711 | D:2      | Reached XP level 5. HP: 25/37 MP: 6/8
  2022 | D:3      | Noticed Natasha
  2342 | D:3      | Killed Natasha
  2484 | D:3      | Noticed Natasha
  2582 | D:3      | Noticed Grinder
  2602 | D:3      | Paralysed by Grinder for 2 turns
  2607 | D:3      | Killed Grinder
  2608 | D:3      | Reached skill level 7 in Hexes
  2608 | D:3      | Reached XP level 6. HP: 8/44 MP: 10/10
  2957 | D:3      | Killed Natasha
  2962 | D:3      | Learned a level 3 spell: Confusing Touch
  2966 | D:3      | Learned a level 3 spell: Tukima's Dance
  2969 | D:3      | Learned a level 2 spell: Ensorcelled Hibernation
  3143 | D:4      | Reached XP level 7. HP: 24/51 MP: 6/11
  3401 | D:4      | Found a sand-covered staircase.
  3407 | Ossuary  | Entered an ossuary
  3459 | Ossuary  | Reached skill level 8 in Hexes
  3897 | Ossuary  | Reached skill level 9 in Hexes
  3903 | Ossuary  | Reached XP level 8. HP: 49/58 MP: 13/13
  4669 | D:4      | Found a sacrificial altar of Ru.
  4822 | D:4      | Found Suuledak's Neck Hole.
  4923 | D:5      | Entered Level 5 of the Dungeon
  5283 | D:5      | Reached skill level 5 in Dodging
  5374 | D:5      | Reached skill level 10 in Hexes
  5582 | D:5      | Reached skill level 5 in Short Blades
  6297 | D:6      | Found a sparkling altar of Nemelex Xobeh.
  6303 | D:6      | Found a bloodstained altar of Trog.
  6371 | D:6      | Found a staircase to the Ecumenical Temple.
  6373 | D:6      | Reached XP level 9. HP: 46/65 MP: 4/15
  6381 | Temple   | Entered the Ecumenical Temple
  6389 | Temple   | Became a worshipper of Sif Muna the Loreminder
  6656 | D:6      | Noticed Sigmund
  6665 | D:6      | Killed Sigmund
  6668 | D:6      | Reached skill level 11 in Hexes
  6889 | D:6      | Noticed Pikel
  6958 | D:6      | Killed Pikel
  6959 | D:6      | Reached skill level 5 in Spellcasting
  7438 | D:6      | Learned a level 3 spell: Dazzling Flash
  7462 | D:7      | Identified the +2 leather armour "Tusupp" {rElec}
  7505 | D:7      | Reached skill level 12 in Hexes
  8011 | D:7      | Found a hazy altar of Hepliaklqana.
  8099 | D:7      | Identified a scroll of acquirement
  8099 | D:7      | Acquired the +9 quick blade of Laceration {freeze, Contam
                  | Will+ rCorr Str+4}
  8159 | D:8      | Reached skill level 5 in Fighting
  8428 | D:8      | Reached * piety under Sif Muna
  8475 | D:8      | Reached XP level 10. HP: 38/74 MP: 3/18
  8478 | D:8      | Found a staircase to the Lair.
  9308 | Lair:1   | Entered Level 1 of the Lair of Beasts
  9308 | Lair:1   | Noticed an oklob plant
  9319 | Lair:1   | Killed an oklob plant
  9320 | Lair:1   | Reached skill level 13 in Hexes
  9781 | Lair:1   | Noticed a cane toad
  9788 | Lair:1   | Killed a cane toad
  9829 | Lair:1   | Reached skill level 14 in Hexes
  9864 | Lair:1   | Noticed a cane toad
  9872 | Lair:1   | Killed a cane toad
  9915 | Lair:1   | Noticed a cane toad
  9935 | Lair:1   | Killed a cane toad
  9936 | Lair:1   | Reached skill level 15 in Hexes
  9938 | Lair:1   | Reached ** piety under Sif Muna
  9956 | Lair:1   | Reached XP level 11. HP: 81/81 MP: 1/20
 10111 | Lair:1   | Reached skill level 5 in Stealth
 10830 | Lair:2   | Reached skill level 16 in Hexes
 11028 | Lair:2   | Found a staircase to the Snake Pit.
 11031 | Lair:2   | Reached skill level 17 in Hexes
 11128 | Lair:2   | Reached *** piety under Sif Muna
 11398 | Lair:2   | Found a staircase to the Shoals.
 11398 | Lair:2   | Noticed a harpy
 11399 | Lair:2   | Noticed a harpy
 11403 | Lair:2   | Killed a harpy
 11406 | Lair:2   | Killed a harpy
 11407 | Lair:2   | Reached skill level 18 in Hexes
 12238 | Lair:3   | Reached skill level 19 in Hexes
 12241 | Lair:3   | Identified the +0 pair of gloves of Tentacled Joy {rElec}
 12538 | Lair:4   | Noticed a skyshark
 12550 | Lair:4   | Killed a skyshark
 12644 | Lair:4   | Noticed Kirke
 12647 | Lair:4   | Reached XP level 12. HP: 88/88 MP: 21/21
 12675 | Lair:4   | Killed Kirke
 12676 | Lair:4   | Reached skill level 20 in Hexes
 13172 | Lair:4   | Found a runed translucent door.
 13172 | Lair:4   | Found a viscous altar of Jiyva.
 13172 | Lair:4   | Noticed an acid blob
 13173 | Lair:4   | Noticed an acid blob
 13245 | Lair:4   | Found a staircase to the Slime Pits.
 13450 | Lair:4   | Reached skill level 21 in Hexes
 13647 | Lair:4   | Noticed an eight-headed hydra
 13658 | Lair:4   | Killed an eight-headed hydra
 14007 | Lair:5   | Entered Level 5 of the Lair of Beasts
 14053 | Lair:5   | Noticed a catoblepas
 14078 | Lair:5   | Killed a catoblepas
 14236 | Lair:5   | Reached skill level 22 in Hexes
 14292 | Lair:5   | Identified the ring of Omeni {Fly rF+ Dex+4 SInv Stlth-}
 14335 | Lair:5   | Reached **** piety under Sif Muna
 14383 | Lair:5   | Noticed a four-headed hydra
 14406 | Lair:5   | Killed a four-headed hydra
 14729 | Lair:5   | Reached skill level 23 in Hexes
 14911 | Lair:5   | Noticed a fire dragon
 15150 | Lair:5   | Killed a fire dragon
 15471 | Lair:5   | Noticed a boulder beetle
 15493 | Lair:5   | Killed a boulder beetle
 15494 | Lair:5   | Reached XP level 13. HP: 93/93 MP: 13/22
 15885 | Lair:5   | Reached skill level 24 in Hexes
 16229 | Lair:5   | Reached ***** piety under Sif Muna
 16531 | Lair:5   | Reached skill level 25 in Hexes
 16571 | Lair:5   | Received a gift from Sif Muna
 16589 | Lair:5   | Got Sif Muna's Omnibus of the Assassin and the Shot {god
                  | gift}
 17570 | D:9      | Noticed Erica
 17585 | D:9      | Killed Erica
 18159 | D:10     | Entered Level 10 of the Dungeon
 18168 | D:10     | Found a hide-covered altar of Uskayaw.
 18182 | D:10     | Found a stormy altar of Qazlal.
 18498 | D:10     | Learned a level 4 spell: Cause Fear
 18506 | D:10     | Learned a level 7 spell: Enfeeble
 18836 | D:10     | Noticed Gastronok
 18855 | D:10     | Killed Gastronok
 18995 | D:11     | Found a staircase to the Orcish Mines.
 19029 | D:11     | Reached skill level 26 in Hexes
 19164 | D:11     | Found a frozen archway.
 19173 | IceCv    | Entered an ice cave
 19188 | IceCv    | HP: 4/93 [komodo dragon simulacrum (6)]
 19749 | IceCv    | Identified the +10 dagger "Caaddom" {pain, rF- rCorr Str+2}
 20020 | IceCv    | Received a gift from Sif Muna
 20021 | IceCv    | Got Zolitrad's Grimoire of the Discontinuous Plateau {god
                  | gift}
 21015 | IceCv    | Got the Excursus on the Serac
 21019 | IceCv    | Identified the ring "Atoihup" {Fly rC+ Dex+4}
 22104 | D:12     | Reached skill level 27 in Hexes
 22400 | D:12     | Reached XP level 14. HP: 51/100 MP: 1/23
 23682 | D:13     | Acquired the Unrestrained Analects
 24630 | D:14     | Noticed Agnes
 24643 | D:14     | Killed Agnes
 24813 | D:14     | Found a gate leading to a gauntlet.
 24925 | Gauntlet | Entered a Gauntlet
 24925 | Gauntlet | Found a transporter.
 24933 | Gauntlet | Found a transporter.
 24935 | Gauntlet | Found a transporter.
 24946 | Gauntlet | Found a transporter.
 24949 | Gauntlet | Found a transporter.
 24958 | Gauntlet | Found a transporter.
 24978 | Gauntlet | Found a runed translucent gate.
 24979 | Gauntlet | Found a transporter.
 24979 | Gauntlet | Found a runed translucent gate.
 24980 | Gauntlet | Found a runed translucent gate.
 24990 | Gauntlet | Found a transporter.
 25001 | Gauntlet | Found a transporter.
 25020 | Gauntlet | Found a transporter.
 25033 | Gauntlet | Found a runed translucent door.
 25034 | Gauntlet | Found a transporter.
 25034 | Gauntlet | Found a transporter.
 25035 | Gauntlet | Found a runed translucent door.
 25076 | Gauntlet | Found a runed translucent door.
 25080 | Gauntlet | Found a runed translucent door.
 25082 | Gauntlet | Found a transporter.
 25096 | Gauntlet | Found a transporter.
 25183 | Gauntlet | Reached skill level 10 in Spellcasting
 25371 | Gauntlet | Received a gift from Sif Muna
 25431 | Gauntlet | Identified the amulet of Eternal Night {Faith Str+2}
 25456 | Gauntlet | Identified the +0 hat of Uvetoefi {rC- Str+7 Dex+6}
 25550 | Gauntlet | Identified the +8 short sword of Compulsion {holy, rF+
                  | Will+}
 25551 | Gauntlet | Got the Incunabulum of the Metallic Spider
 25730 | D:14     | Noticed Rupert
 25739 | D:14     | Killed Rupert
 26258 | D:14     | Found a gate to the Vaults.
 26429 | D:14     | Identified the +3 great sword "Takac" {holy, Int+2 Dex+3}
 26524 | D:15     | Entered Level 15 of the Dungeon
 26543 | D:15     | Hit by a large rock thrown by a cyclops

Illustrated notes

Levels and vault maps discovered:
D:1:      onia_arrival_mini_spirals, layout_basic
D:2:      layout_loops_corners, basic_altar, minivault_14,
          uniq_crazy_yiuf_cottage
D:3:      layout_basic, uniq_grinder, uniq_natasha
D:4:      layout_loops_cross, nicolae_ru_the_path_less_chosen, enter_ossuary_5,
          serial_bayou_pond_a, solitary_fountain, grunt_ministairs_9,
          corexii_leaking_fountain, nicolae_shop_sticking_my_neck_out
D:5:      layout_basic, tso_altar, minmay_misc_feat_columns, minmay_manual_mail
D:6:      layout_basic, grunt_temple_overflow_open, minmay_temple_entry_ruins,
          uniq_sigmund, uniq_pikel
D:7:      layout_loops_ring, mainiacjoe_overflow_alcove_4
D:8:      layout_basic, erik_lair_orcish_takeover
D:9:      layout_basic, kennysheep_mini_moat, uniq_erica
D:10:     layout_gridville, mainiacjoe_overflow_paths,
          mainiacjoe_overflow_cross_hatched, uniq_gastronok
D:11:     layout_big_octagon, david_orc_3, portal_ice_cave_entry_pillars_2
D:12:     layout_basic
D:13:     layout_irregular_city
D:14:     minmay_blocky_corners, layout_small_grid, david_vaults_2,
          gauntlet_entry_generic, infiniplex_staircase_x, uniq_agnes,
          uniq_rupert
D:15:     grunt_enter_depths_magical_seal, layout_basic, patterned_corridor,
          ashenzari_conservatory_becter
Temple:   eino_narrow_crystal_temple
Lair:1:   layout_roguey, dpeg_stationary_puzzle, serial_bayou_shore_b,
          infiniplex_staircase_pool_2, grunt_megastairs_1
Lair:2:   layout_gridlike, nicolae_shoals_entry_roost,
          minmay_snake_entry_guardpost_medium, minivault_26,
          serial_bayou_shore_b
Lair:3:   layout_roguey
Lair:4:   layout_layer_cave, slime_entry_2, nicolae_lair_grove_arrangements,
          serial_bayou_shore_a, uniq_kirke
Lair:5:   guppyfry_lair_end_dragon, layout_regular_city,
          hangedman_lair_caniforms_friends, lemuel_fruit_fields,
          grunt_megastairs_5

Skill      XL: |  1  2  3  4  5  6  7  8  9 10 11 12 13 14 |
---------------+-------------------------------------------+-----
Hexes          | 5 6 7 9 10 12 15 19 23 27 | 27.0
Fighting       | 1 2 3 4 5 6 |  6.2
Short Blades   | 2 3 4 5 7 9 |  9.0
Dodging        | 3 4 5 6 8 9 |  9.0
Spellcasting   | 3 4 5 6 12 | 12.0
Stealth        | 6 |  6.0

Action                     |  1- 3 |  4- 6 |  7- 9 | 10-12 | 13-15 || total
---------------------------+-------+-------+-------+-------+-------++-------
  Melee: Dagger            |    38 |       |       |       |       ||    38
         Bite              |    12 |    12 |    73 |    41 |   182 ||   320
         Short sword       |    66 |   113 |   484 |       |       ||   663
         Punch             |       |     1 |     9 |     3 |    13 ||    26
         Quick blade       |       |       |    57 |   365 |  1118 ||  1540
   Cast: Slow              |     9 |    26 |     2 |       |       ||    37
         Ensorcelled Hiber |       |     7 |    84 |   156 |   127 ||   374
         Confusing Touch   |       |       |    15 |    25 |     9 ||    49
         Tukima's Dance    |       |       |     6 |       |     1 ||     7
         Dazzling Flash    |       |       |       |    10 |       ||    10
         Enfeeble          |       |       |       |       |    89 ||    89
    Use: Potion            |       |     1 |       |     3 |     2 ||     6
         Scroll            |       |       |    16 |    11 |     3 ||    30
   Stab: Sleeping          |    18 |    10 |    69 |    97 |    94 ||   288
         Invisible         |       |     1 |       |     7 |    72 ||    80
         Confused          |       |       |    16 |    21 |     4 ||    41
         Distracted        |       |       |       |     1 |       ||     1
 Armour: Robe              |    10 |     1 |       |       |       ||    11
         Leather armour    |       |    29 |   167 |    61 |   204 ||   461
         Steam dragon scal |       |       |       |     7 |       ||     7
  Dodge: Dodged            |    46 |    74 |   284 |   218 |   751 ||  1373
